 Dungeon Crawl Stone Soup version 0.19-a0-1907-gcff654f (webtiles) character file.

84 Disciple the Conjurer (level 4, -6/33 HPs)
             Began as a Draconian Conjurer on Oct 22, 2016.
             Mangled by an ogre
             ... wielding a +0 giant spiked club
              (28 damage)
             ... on level 3 of the Dungeon.
             The game lasted 00:06:12 (2137 turns).

Disciple the Conjurer (Draconian Conjurer)          Turns: 2137, Time: 00:06:12

Health: -6/33      AC:  5    Str: 10    XL:     4   Next: 23%
Magic:  7/7        EV: 12    Int: 17    God:
Gold:   70         SH:  0    Dex: 11    Spells: 2 memorised, 4 levels left

rFire  . . .     SeeInvis .     g - +3 short sword (elec)
rCold  . . .     Gourm    .     (armour unavailable)
rNeg   . . .     Faith    .     (no shield)
rPois  .         Spirit   .     (helmet restricted)
rElec  .         Reflect  .     (no cloak)
rCorr  .         Harm     .     (no gloves)
MR     .....                    (no boots)
Stlth  ++........               (no amulet)
                                (no ring)
                                (no ring)

@: no status effects
A: unfitting armour, cold-blooded, AC +5
a: no special abilities


You were on level 3 of the Dungeon.
You were not hungry.

You visited 1 branch of the dungeon, and saw 3 of its levels.

You collected 70 gold pieces.

Inventory:

Hand Weapons
 g - a +3 short sword of electrocution (weapon)
 i - a +1 club
 n - a -2 dagger
Missiles
 t - 13 poisoned needles
Armour
 m - a +2 helmet
Jewellery
 k - an uncursed ring of loudness
Scrolls
 c - a scroll of remove curse
 d - a scroll of immolation {unknown}
 e - a scroll of identify {unknown}
 l - a scroll of recharging {unknown}
Potions
 f - a potion of curing {unknown}
 h - 3 potions of heal wounds {unknown}
 o - a potion of brilliance {unknown}
 r - a potion of magic {unknown}
 s - a potion of cure mutation {unknown}
 u - a potion of resistance {unknown}
Books
 a - a book of Conjurations

   Spells                             Type                      Level
   a - Magic Dart                     Conjuration                  1
   b - Searing Ray                    Conjuration                  2
   c - Dazzling Spray                 Conjuration/Hexes            3
   d - Fulminant Prism                Conjuration/Hexes            4
   e - Iskenderun's Mystic Blast      Conjuration                  4
   f - Iskenderun's Battlesphere      Conjuration/Charms           5
Comestibles
 b - 2 bread rations
 j - a beef jerky
 p - a slice of pizza
 q - 5 fruits


   Skills:
 - Level 1.7 Dodging
 - Level 1.7 Stealth
 - Level 2.0 Spellcasting
 + Level 5.8 Conjurations


You had 4 spell levels left.
You knew the following spells:

 Your Spells              Type           Power        Failure   Level  Hunger
a - Magic Dart            Conj           ###.         1%          1    #......
b - Searing Ray           Conj           ###...       2%          2    ###....


Dungeon Overview and Level Annotations

Branches:
Dungeon (3/15)

Altars:


Innate Abilities, Weirdness & Mutations

Your plain brown scales are hard. (AC +5)
You cannot fit into any form of body armour.
You are cold-blooded and may be slowed by cold attacks.


Message History

An ogre comes into view. It is wielding a giant spiked club.
The ogre shouts!
The ogre closely misses you.
You completely miss the ogre. The ogre barely misses you.
You completely miss the ogre.
The ogre hits you with a giant spiked club!
You puncture the ogre!
The ogre is moderately wounded.
You barely miss the ogre.
The ogre is moderately wounded.
The ogre barely misses you.
You barely miss the ogre.
The ogre is moderately wounded.
The ogre hits you with a giant spiked club.
You hit the ogre.
There is a sudden explosion of sparks!
You tail-slap the ogre, but do no damage.
The ogre is almost dead.
The ogre hits you with a giant spiked club!!
Ouch! That really hurt!
You die...

########.....##...#############.###
...........#.###...................
############.# ####################
#.# #.###### #......# ######.# #.#
#@# #O# #.# #.# #.# #.. ###


You could see an ogre.

Vanquished Creatures
  Robin (D:2)
  An adder (D:2)
  2 worms
  3 dart slugs
  A leopard gecko (D:2)
  2 ball pythons
  A giant cockroach (D:1)
  10 goblins
  10 hobgoblins
  2 kobolds
  2 quokkas (D:2)
  4 bats
  8 rats
47 creatures vanquished.

Notes
Turn   | Place    | Note
-------+----------+-------------------------------------------
     0 | D:1      | Disciple the Draconian Conjurer began the quest for the Orb.
     0 | D:1      | Reached XP level 1. HP: 14/14 MP: 3/3
   160 | D:1      | Reached XP level 2. HP: 20/20 MP: 0/5
   208 | D:1      | Learned a level 2 spell: Searing Ray
   598 | D:2      | Noticed Robin
   684 | D:2      | Reached skill level 5 in Conjurations
   684 | D:2      | Reached XP level 3. HP: 26/26 MP: 3/6
   888 | D:2      | Killed Robin
  1299 | D:2      | Reached XP level 4. HP: 5/33 MP: 0/7
  2128 | D:3      | Noticed an ogre
  2137 | D:3      | Mangled by an ogre

Vault maps used:
D:1:      denvon_arrival_hothouse
D:2:      hangedman_decor_growths, uniq_robin
D:3:      good_gods_temple_1

Skill      XL: |  1  2 |
---------------+-------+-----
Conjurations   | 5 |  5.8
Dodging        | |  1.7
Stealth        | |  1.7
Spellcasting   | |  2.0

Action                   |  1- 3 |  4- 6 || total
-------------------------+-------+-------++-------
Melee: Club              |    66 |       ||    66
       Tailslap          |     9 |     3 ||    12
       Short sword       |       |    28 ||    28
 Cast: Magic Dart        |    32 |       ||    32
       Searing Ray       |     3 |       ||     3
  Use: Scroll            |     3 |     3 ||     6
 Stab: Sleeping          |     1 |       ||     1
  Eat: Chunk             |     2 |     3 ||     5
Armor: Skin              |    36 |     4 ||    40
Dodge: Dodged            |    74 |    16 ||    90
